 Dungeon Crawl Stone Soup version 0.17-a0-1020-ge683cc4 (console) character file.

107 Monkaria the Slasher (level 4, 0/37 HPs)
             Began as a Demonspawn Chaos Knight on May 14, 2015.
             Slain by a bat (1 damage)
             ... on level 2 of the Dungeon.
             The game lasted 00:02:49 (1482 turns).

Monkaria the Slasher (Demonspawn Chaos Knight)      Turns: 1482, Time: 00:02:49

Health: 0/37       AC: 11    Str: 13    XL:     4   Next: 57%
Magic:  4/4        EV: 10    Int: 13    God:    Xom [......]
Gold:   40         SH:  0    Dex: 13    Spells: 0 memorised, 3 levels left

rFire  . . .     SeeInvis .     a - +0 falchion (chaos)
rCold  . . .     Clarity  .     b - +2 leather armour
rNeg   . . .     SustAb   .     (no shield)
rPois  .         Gourm    .     (no helmet)
rElec  .         Spirit   .     (no cloak)
rCorr  .         Warding  .     k - +2 pair of gloves
rMut   .         Stasis   .     (no boots)
MR     .....                    (no amulet)
Stlth  +.........               (no ring)
                                (no ring)

@: not resistant to hostile enchantments, very unstealthy
A: icy blue scales 2
a: Renounce Religion


You were on level 2 of the Dungeon.
You worshipped Xom.
You were a very special plaything of Xom.
You were not hungry.

You visited 1 branch of the dungeon, and saw 2 of its levels.

You collected 40 gold pieces.

Inventory:

Hand weapons
 a - a +0 falchion of chaos (weapon)
Missiles
 g - 22 poisoned needles
Armour
 b - a +2 leather armour (worn)
 k - a +2 pair of gloves (worn)
Scrolls
 d - 2 scrolls of fog {unknown}
 e - a scroll of remove curse {unknown}
 f - 2 scrolls of identify {unknown}
 i - a scroll of teleportation {unknown}
 j - a scroll of enchant weapon {unknown}
 l - 3 scrolls of fear {unknown}
Comestibles
 c - 3 bread rations
 h - 2 chunks of flesh
 m - a meat ration


   Skills:
 - Level 4.0 Fighting
 + Level 4.2 Long Blades
 - Level 1.7 Armour
 - Level 0.8 Dodging


You had 3 spell levels left.
You didn't know any spells.

Dungeon Overview and Level Annotations

Branches:
Dungeon (2/15)

Altars:


Innate Abilities, Weirdness & Mutations

You are mostly covered in icy blue scales (AC +3, EV -1).


Message History

The bat barely misses you. The bat barely misses you.
The iguana looks more healthy.
The bat hits you but does no damage. The bat barely misses you.
The bat closely misses you. The bat closely misses you. The bat hits you.
* * * LOW HITPOINT WARNING * * *
The bat hits you.
* * * LOW HITPOINT WARNING * * *
The bat hits you but does no damage. The bat hits you but does no damage. x2
There is an open door here.
The bat closely misses you. The bat hits you but does no damage.
The bat hits you but does no damage. x2
The bat closely misses you. The bat hits you but does no damage.
The bat barely misses you. The bat barely misses you.
The bat hits you but does no damage. The bat hits you.
You die...

.#.#.#### ##.## #.# # .....# #.#
#.# # #..### #.# ####.# # #..###
##'## ##.##.# ## #....# ##...##
#..(..# #. ####.# ##.....##
##.#### ## #....# ##......รท##
#....## #
#....###.......).####.###.#######
#......'.......b@'...#####.......
.....###.......b.##..........####
...#.# ##.......###.....#.#..#
##.#.# ##....s## #..........#
##)#.######..s## ##.##.#.#.##
##.#.#######'## ##.#.....#
......######.# ##...####
.#.##.######.### ##.##
.#.##.###......#### #.#


You could see 2 giant cockroaches and 2 bats.

Vanquished Creatures
  3 gnolls (D:2)
  2 adders (D:2)
  An ooze (D:1)
  2 worms (D:2)
  A giant gecko (D:2)
  9 bats
  2 giant cockroaches
  7 hobgoblins
  2 jackals (D:2)
  A ball python (D:2)
  4 giant newts
  6 goblins
  7 kobolds (D:1)
  7 rats
54 creatures vanquished.

Notes
Turn   | Place    | Note
--------------------------------------------------------------
     0 | D:1      | Monkaria the Demonspawn Chaos Knight began the quest for the Orb.
     0 | D:1      | Reached XP level 1. HP: 18/18 MP: 1/1
    57 | D:1      | Gained mutation: You are partially covered in icy blue scales (AC +1). [demonic ancestry]
    57 | D:1      | Reached XP level 2. HP: 4/24 MP: 2/2
   464 | D:1      | Reached skill level 4 in Fighting
   598 | D:1      | XOM: mild Summ miscast
   599 | D:1      | Noticed a spatial vortex
   776 | D:2      | XOM: confusion (+ monsters)
   786 | D:2      | Reached XP level 3. HP: 28/30 MP: 3/3
   994 | D:2      | XOM: cast spell 'Summon Butterflies'
  1219 | D:2      | Gained mutation: You are mostly covered in icy blue scales (AC +3, EV -1). [demonic ancestry]
  1219 | D:2      | Reached XP level 4. HP: 29/37 MP: 4/4
  1276 | D:2      | XOM: vitrification
  1463 | D:2      | HP: 1/37 [iguana (10)]
  1467 | D:2      | XOM: enchant monster (good)
  1475 | D:2      | HP: 1/37 [bat (1)]
  1482 | D:2      | Slain by a bat

Vault maps used:
D:1:      eino_arrival_cavern_b
D:2:      serial_glass, glass_columns_c, glass_columns_c, glass_columns_a,
          glass_columns_a, first_bread, minmay_divided_ellipse,
          uniq_crazy_yiuf_cottage

Action                   |  1- 3 |  4- 6 || total
-------------------------+-------+-------++-------
Melee: Falchion          |   121 |    33 ||   154
  Use: Potion            |     2 |     1 ||     3
  Eat: Chunk             |     1 |     1 ||     2
